3AA
SPRINGFIELD SHOOTERS @ VIRGINIA BEACH DEUCES
09/01/2028
 
TOP OF THE 1ST
Springfield Shooters batting - Pitching for Virginia Beach Deuces : RHP Woo-suk Cho
Pitching: RHP Woo-suk Cho
Batting: RHB Eun-bum Kim 0-0: Called Strike
0-1: Ground out 6-3 (Groundball, 6)
Batting: RHB Toussiant L'Ouverture 0-0: Ball
1-0: Called Strike
1-1: Swinging Strike
1-2: SINGLE (Groundball, 56D)
Batting: LHB Calvin Wilms 0-0: Ball
1-0: Called Strike
1-1: Ball
2-1: Called Strike
2-2: Fly out, F4 (Popup, 34)
Batting: LHB Daniel Faraday 0-0: Ball
1-0: Ball
2-0: Called Strike
2-1: Ball
3-1: Foul Ball, location: 2F
3-2: Base on Balls
Toussiant L'Ouverture to second
Batting: RHB Chet Hollis 0-0: Ball
1-0: Ball
2-0: Called Strike
2-1: Ball
3-1: SINGLE (Line Drive, 5D)
Toussiant L'Ouverture to third
Daniel Faraday to second
Runner from 3rd tries for Home, SAFE, no throw
Batting: RHB Willis Kirkendall 0-0: Ball
1-0: 3-RUN HOME RUN (Flyball, 7D), Distance : 406 ft
Batting: LHB Pedro Gutiérrez 0-0: SINGLE (Groundball, 34D)
Batting: RHB Mike Mays 0-0: Ball
1-0: Fielders Choice at 2nd, 6-4 (Groundball, 56)
Top of the 1st over - 4 run(s), 4 hit(s), 0 error(s), 0 left on base; Springfield 4 - Virginia Beach 0
BOTTOM OF THE 1ST
Virginia Beach Deuces batting - Pitching for Springfield Shooters : RHP Jorge Otero
Pitching: RHP Jorge Otero
Batting: SHB Leo Szilard 0-0: Foul Ball, location: 2F
0-1: Foul Ball, location: 2F
0-2: Ball
1-2: Ball
2-2: Strikes out looking
Batting: RHB Luis Jelarde 0-0: Fly out, F6 (Line Drive, 6)
Batting: LHB Ramón Castro 0-0: Called Strike
0-1: Ball
1-1: Foul Ball, location: 2F
1-2: Fly out, F7 (Flyball, 7)
Bottom of the 1st over - 0 run(s), 0 hit(s), 0 error(s), 0 left on base; Springfield 4 - Virginia Beach 0
TOP OF THE 2ND
Springfield Shooters batting - Pitching for Virginia Beach Deuces : RHP Woo-suk Cho
Batting: RHB Sébastien Bernard 0-0: SINGLE (Groundball, 34D)
Batting: RHB Eun-bum Kim 0-0: Ball
1-0: Ball
2-0: Ball
3-0: Called Strike
3-1: Base on Balls
Sébastien Bernard to second
Batting: RHB Toussiant L'Ouverture 0-0: Called Strike
0-1: Swinging Strike
0-2: Strikes out swinging
Batting: LHB Calvin Wilms 0-0: Ball
1-0: Ball
2-0: Called Strike
2-1: Reached on error, E1 (Groundball, P)
Sébastien Bernard to third
Eun-bum Kim to second
Batting: LHB Daniel Faraday 0-0: Ball
Wild Pitch!
Sébastien Bernard scores
Eun-bum Kim to third
Calvin Wilms to second
1-0: Called Strike
1-1: SINGLE (Groundball, 6D)
Eun-bum Kim scores
Calvin Wilms to third
Batting: RHB Chet Hollis 0-0: Ball
1-0: Fly out, F9 (Flyball, 9S)
Batting: RHB Willis Kirkendall 0-0: Ball
1-0: Called Strike
1-1: Foul Ball, location: 2F
1-2: Strikes out looking
Top of the 2nd over - 2 run(s), 2 hit(s), 1 error(s), 2 left on base; Springfield 6 - Virginia Beach 0
BOTTOM OF THE 2ND
Virginia Beach Deuces batting - Pitching for Springfield Shooters : RHP Jorge Otero
Batting: LHB Atílio Mansilhas 0-0: Ball
1-0: Ball
2-0: Called Strike
2-1: Ground out 4-3 (Groundball, 4)
Batting: RHB Andrew Crosby 0-0: Ground out 6-3 (Groundball, 6)
Batting: SHB Carlos Pérez 0-0: Swinging Strike
0-1: Called Strike
0-2: Ball
1-2: Ball
2-2: Strikes out swinging
Bottom of the 2nd over - 0 run(s), 0 hit(s), 0 error(s), 0 left on base; Springfield 6 - Virginia Beach 0
TOP OF THE 3RD
Springfield Shooters batting - Pitching for Virginia Beach Deuces : RHP Woo-suk Cho
Batting: LHB Pedro Gutiérrez 0-0: Ball
1-0: Foul Ball, location: 2F
1-1: Foul Ball, location: 2F
1-2: Strikes out swinging
Batting: RHB Mike Mays 0-0: Ball
1-0: Ball
2-0: SINGLE (Flyball, 9LM)
Batting: RHB Sébastien Bernard 0-0: Grounds into double play, 1-6-3 (Groundball, P)
Top of the 3rd over - 0 run(s), 1 hit(s), 0 error(s), 0 left on base; Springfield 6 - Virginia Beach 0
BOTTOM OF THE 3RD
Virginia Beach Deuces batting - Pitching for Springfield Shooters : RHP Jorge Otero
Batting: RHB Jody Lemoine 0-0: Called Strike
0-1: Ball
1-1: Ground out 4-3 (Groundball, 34)
Batting: RHB Harry Freidricks 0-0: TRIPLE (Flyball, 89D)
Batting: RHB James Hill 0-0: Ball
1-0: Foul Ball, location: 2F
1-1: Ball
2-1: Foul Ball, location: 2F
2-2: Strikes out looking
Batting: SHB Leo Szilard 0-0: Ball
1-0: Ground out 3-1 (Groundball, 34)
Bottom of the 3rd over - 0 run(s), 1 hit(s), 0 error(s), 1 left on base; Springfield 6 - Virginia Beach 0
TOP OF THE 4TH
Springfield Shooters batting - Pitching for Virginia Beach Deuces : RHP Woo-suk Cho
Batting: RHB Eun-bum Kim 0-0: Ball
1-0: Ground out 3-1 (Groundball, 34)
Batting: RHB Toussiant L'Ouverture 0-0: Ball
1-0: Foul Ball, location: 2F
1-1: DOUBLE (Flyball, 78M)
Batting: LHB Calvin Wilms 0-0: Called Strike
0-1: Foul Ball, location: 2F
0-2: Ball
1-2: Foul Ball, location: 2F
1-2: Foul Ball, location: 2F
1-2: Strikes out swinging
Batting: LHB Daniel Faraday 0-0: Ball
Balk!
Toussiant L'Ouverture to third
1-0: Ball
2-0: Ball
3-0: Called Strike
3-1: Base on Balls
Batting: RHB Chet Hollis 0-0: Called Strike
0-1: Ball
1-1: Ball
2-1: Foul Ball, location: 2F
2-2: Ball
3-2: Strikes out looking
Top of the 4th over - 0 run(s), 1 hit(s), 0 error(s), 2 left on base; Springfield 6 - Virginia Beach 0
BOTTOM OF THE 4TH
Virginia Beach Deuces batting - Pitching for Springfield Shooters : RHP Jorge Otero
Batting: RHB Luis Jelarde 0-0: Ball
1-0: Fly out, F8 (Flyball, 8LD)
Batting: LHB Ramón Castro 0-0: Ball
1-0: Called Strike
1-1: Ball
2-1: Foul Ball, location: 2F
2-2: Ball
3-2: Ground out 6-3 (Groundball, 6)
Batting: LHB Atílio Mansilhas 0-0: Fly out, F7 (Flyball, 7)
Bottom of the 4th over - 0 run(s), 0 hit(s), 0 error(s), 0 left on base; Springfield 6 - Virginia Beach 0
TOP OF THE 5TH
Springfield Shooters batting - Pitching for Virginia Beach Deuces : RHP Woo-suk Cho
Batting: RHB Willis Kirkendall 0-0: Foul Ball, location: 2F
0-1: Foul Ball, location: 2F
0-2: Strikes out looking
Batting: LHB Pedro Gutiérrez 0-0: Called Strike
0-1: Ball
1-1: Swinging Strike
1-2: Foul Ball, location: 2F
1-2: Fly out, F3 (Popup, 3S)
Batting: RHB Mike Mays 0-0: Called Strike
0-1: Fly out, F7 (Flyball, 7)
Top of the 5th over - 0 run(s), 0 hit(s), 0 error(s), 0 left on base; Springfield 6 - Virginia Beach 0
BOTTOM OF THE 5TH
Virginia Beach Deuces batting - Pitching for Springfield Shooters : RHP Jorge Otero
Batting: RHB Andrew Crosby 0-0: Fly out, F9 (Flyball, 89M)
Batting: SHB Carlos Pérez 0-0: Foul Ball, location: 2F
0-1: Called Strike
0-2: Ball
1-2: Strikes out swinging
Batting: RHB Jody Lemoine 0-0: Ball
1-0: Ball
2-0: Ball
3-0: Base on Balls
Batting: RHB Harry Freidricks 0-0: Fielders Choice at 2nd, 6-4 (Groundball, 6)
Bottom of the 5th over - 0 run(s), 0 hit(s), 0 error(s), 0 left on base; Springfield 6 - Virginia Beach 0
TOP OF THE 6TH
Springfield Shooters batting - Pitching for Virginia Beach Deuces : RHP Woo-suk Cho
Pitching: RHP Teddy Perkins
Batting: RHB Sébastien Bernard 0-0: Called Strike
0-1: Called Strike
0-2: Strikes out looking
Batting: RHB Eun-bum Kim 0-0: Ball
1-0: Ball
2-0: Ball
3-0: Base on Balls
Batting: RHB Toussiant L'Ouverture 0-0: Ball
Eun-bum Kim is caught stealing 2nd base
1-0: Foul Ball, location: 2F
1-1: Foul Ball, location: 2F
1-2: Ball
2-2: Fly out, F7 (Flyball, 7LS)
Top of the 6th over - 0 run(s), 0 hit(s), 0 error(s), 0 left on base; Springfield 6 - Virginia Beach 0
BOTTOM OF THE 6TH
Virginia Beach Deuces batting - Pitching for Springfield Shooters : RHP Jorge Otero
Batting: RHB James Hill 0-0: Ball
1-0: Foul Ball, location: 2F
1-1: Fly out, F7 (Flyball, 78M)
Batting: SHB Leo Szilard 0-0: Fly out, F8 (Flyball, 8LM)
Batting: RHB Luis Jelarde 0-0: Ground out 6-3 (Groundball, 6)
Bottom of the 6th over - 0 run(s), 0 hit(s), 0 error(s), 0 left on base; Springfield 6 - Virginia Beach 0
TOP OF THE 7TH
Springfield Shooters batting - Pitching for Virginia Beach Deuces : RHP Teddy Perkins
Batting: LHB Calvin Wilms 0-0: Called Strike
0-1: Ball
1-1: Swinging Strike
1-2: SINGLE (Line Drive, 89M)
Batting: LHB Daniel Faraday 0-0: Ball
1-0: SINGLE (Line Drive, 6D)
Calvin Wilms to second
Batting: RHB Chet Hollis 0-0: Fly out, F9 (Flyball, 9LMF)
Batting: RHB Willis Kirkendall 0-0: Called Strike
0-1: Fly out, F9 (Flyball, 9S)
Batting: LHB Pedro Gutiérrez 0-0: Fly out, F6 (Popup, 6D)
Top of the 7th over - 0 run(s), 2 hit(s), 0 error(s), 2 left on base; Springfield 6 - Virginia Beach 0
BOTTOM OF THE 7TH
Virginia Beach Deuces batting - Pitching for Springfield Shooters : RHP Jorge Otero
Batting: LHB Ramón Castro 0-0: Foul Ball, location: 2F
0-1: Swinging Strike
0-2: Ball
1-2: Ball
2-2: Foul Ball, location: 2F
2-2: Strikes out swinging
Batting: LHB Atílio Mansilhas 0-0: Called Strike
0-1: Ball
1-1: Ball
2-1: Foul Ball, location: 2F
2-2: Foul Ball, location: 2F
2-2: Strikes out swinging
Batting: RHB Andrew Crosby 0-0: Ball
1-0: DOUBLE (Flyball, 8LXD)
Batting: SHB Carlos Pérez 0-0: Ball
1-0: Called Strike
1-1: Ground out 4-3 (Groundball, 4)
Bottom of the 7th over - 0 run(s), 1 hit(s), 0 error(s), 1 left on base; Springfield 6 - Virginia Beach 0
TOP OF THE 8TH
Springfield Shooters batting - Pitching for Virginia Beach Deuces : RHP Teddy Perkins
Batting: RHB Mike Mays 0-0: Ball
1-0: Called Strike
1-1: Ground out 6-3 (Groundball, 6)
Batting: RHB Sébastien Bernard 0-0: Called Strike
0-1: Ball
1-1: Called Strike
1-2: Foul Ball, location: 2F
1-2: Strikes out swinging
Batting: RHB Eun-bum Kim 0-0: Swinging Strike
0-1: Fly out, F4 (Popup, 34D)
Top of the 8th over - 0 run(s), 0 hit(s), 0 error(s), 0 left on base; Springfield 6 - Virginia Beach 0
BOTTOM OF THE 8TH
Virginia Beach Deuces batting - Pitching for Springfield Shooters : RHP Jorge Otero
Now in LF: Javier De Jesús
Batting: RHB Jody Lemoine 0-0: Ball
1-0: Ball
2-0: Ball
3-0: Called Strike
3-1: Foul Ball, location: 2F
3-2: DOUBLE (Line Drive, 8LD)
Batting: RHB Harry Freidricks 0-0: Called Strike
0-1: Foul Ball, location: 2F
0-2: Strikes out swinging
Batting: RHB James Hill 0-0: Called Strike
0-1: Ball
1-1: Called Strike
1-2: SINGLE (Line Drive, 6D)
Jody Lemoine to third
Runner from 3rd tries for Home, SAFE, no throw
Pitching: RHP Vicente Escamilla
Batting: SHB Leo Szilard 0-0: Ball
1-0: Called Strike
1-1: Fielders Choice at 2nd, 6-4 (Groundball, 6M)
Batting: RHB Luis Jelarde 0-0: SINGLE (Groundball, 4D)
Leo Szilard to second
Runner from 2nd tries for 3rd, SAFE, no throw
Batting: LHB Ramón Castro 0-0: Ball
1-0: Ball
2-0: Fly out, F7 (Flyball, 7)
Bottom of the 8th over - 1 run(s), 3 hit(s), 0 error(s), 2 left on base; Springfield 6 - Virginia Beach 1
TOP OF THE 9TH
Springfield Shooters batting - Pitching for Virginia Beach Deuces : RHP Teddy Perkins
Batting: RHB Toussiant L'Ouverture 0-0: Ground out 5-3 (Groundball, 56)
Batting: LHB Calvin Wilms 0-0: Called Strike
0-1: Ball
1-1: Ground out U3 (Groundball, 3)
Batting: LHB Daniel Faraday 0-0: Called Strike
0-1: Called Strike
0-2: Ball
1-2: Fly out, F8 (Line Drive, 8RM)
Top of the 9th over - 0 run(s), 0 hit(s), 0 error(s), 0 left on base; Springfield 6 - Virginia Beach 1
BOTTOM OF THE 9TH
Virginia Beach Deuces batting - Pitching for Springfield Shooters : RHP Vicente Escamilla
Pitching: RHP Ieyoshi Asai
Now at C: Young-hoon Im
Batting: LHB Atílio Mansilhas 0-0: Ball
1-0: Foul Ball, location: 2F
1-1: Called Strike
1-2: Ball
2-2: Strikes out looking
Batting: RHB Andrew Crosby 0-0: Ball
1-0: Fly out, F8 (Flyball, 8RD)
Batting: SHB Carlos Pérez 0-0: Foul Ball, location: 2F
0-1: Foul Ball, location: 2F
0-2: Ball
1-2: Strikes out looking
Bottom of the 9th over - 0 run(s), 0 hit(s), 0 error(s), 0 left on base; Springfield 6 - Virginia Beach 1
Thursday, August 31st, 2017 - OOTP Baseball 17.12 Build 75